AoeStats
← kennethdenooijer

Arena

510234395Analyzed
1v1 RM · 13h ago on Sep 30, 2026· 43m 37s· 2 players
Game mode
Random Map
Map size
Tiny (2 player)
Population
200
Speed
Normal
Resources
Standard
Victory
Conquest
Starting age
Dark Age
Ending age
Imperial Age
RankedLock teamsTeams togetherTeam positionsShared explorationLock speedFull tech treeHidden civsTurbo modeCheats
Victory
Defeat
🇭🇰 Khmer · Hong Kong SAR China
998
+15
🇳🇱 Spanish · Netherlands
974
-15
kennethdenooijer
11:40 Feudal Age
16:30 Castle Age
14:37 Double-Bit Axe
14:59 Horse Collar
18:25 Squires
17:46 Pikeman
19:19 Husbandry
21:55 Bloodlines
25:42 Bow Saw
26:28 Wheelbarrow
30:15 Imperial Age
29:17 Heavy Plow
29:34 Forging
29:24 Scale Mail Armor
29:30 Scale Mail Armor
29:50 Gold Mining
32:33 Arson
33:36 Halberdier
34:47 Ballistics
35:30 Chemistry
35:20 Scale Barding Armor
35:51 Iron Casting
38:09 Cavalier
38:20 Light Cavalry
42:30 Chain Barding Armor
43:40 Blast Furnace
44:10 Two-Man Saw
43:48 Plate Barding Armor
chowon531
4:55 Loom
11:51 Feudal Age
16:26 Castle Age
14:28 Double-Bit Axe
15:06 Horse Collar
17:07 Wheelbarrow
17:29 Bow Saw
20:53 Gold Mining
21:05 Heavy Plow
22:30 Sanctity
25:18 Loom
29:22 Imperial Age
26:39 Town Watch
28:22 Forging
28:02 Pikeman
29:10 Husbandry
29:21 Bloodlines
29:22 Scale Barding Armor
30:15 Gold Shaft Mining
29:33 Stone Mining
29:32 Light Cavalry
32:07 Iron Casting
31:53 Chain Barding Armor
32:22 Fletching
33:23 Hand Cart
33:06 Elite Ballista Elephant
35:21 Blast Furnace
34:02 Hussar
36:11 Plate Barding Armor
37:22 Chemistry
37:34 Ballistics
37:59 Bodkin Arrow
37:31 Cavalier
39:40 Tusk Swords
40:14 Double Crossbow
41:56 Bracer
42:05 Siege Engineers
42:54 Conscription
42:06 Halberdier
Connection lost

Rejoining the realm…

Still unreachable

The connection could not be restored.

Session expired

The server has moved on; the page needs a fresh start.